 Dungeon Crawl Stone Soup version 0.21-a0-91-ga5031da (webtiles) character file.

1454 Ijustatesigmund the Cudgeler (level 8, -4/80 HPs)
             Began as a Naga Fighter on June 30, 2017.
             Slain by a red ugly thing (22 damage)
             ... on level 6 of the Dungeon.
             The game lasted 00:12:30 (6422 turns).

Ijustatesigmund the Cudgeler (Naga Fighter)         Turns: 6422, Time: 00:12:31

Health: -4/80      AC:  6    Str: 21    XL:     8   Next: 76%
Magic:  8/8        EV: 10    Int:  8    God:
Gold:   199        SH: 10    Dex: 13    Spells: 7/7 levels left

rFire    . . .     SeeInvis +   a - +1 flail
rCold    . . .     Gourm    .   c - +1 shield
rNeg     . . .     Faith    .   k - +2 robe {MR+}
rPois    +         Spirit   .   (no helmet)
rElec    .         Reflect  .   l - +0 cloak
rCorr    .         Harm     .   (no gloves)
MR       ++...                  (no barding)
Stlth    +.........             (no amulet)
HPRegen  0.23/turn              g - +2 ring of evasion
MPRegen  0.11/turn              p - +2 ring of strength

@: hasted, quick
A: see invisible, deformed body, poison resistance, slowness 2, slow metabolism
1, spit poison 1, AC +2
a: Spit Poison


You were on level 6 of the Dungeon.
You were not hungry.

You visited 1 branch of the dungeon, and saw 6 of its levels.

You collected 199 gold pieces.

Inventory:

Hand Weapons
 a - a +1 flail (weapon)
Armour
 c - a +1 shield (worn)
 e - a +0 scale mail
 k - a +2 robe of magic resistance (worn)
 l - a +0 cloak (worn)
Jewellery
 g - a +2 ring of evasion (left hand)
 p - a +2 ring of strength (right hand)
Wands
 r - a wand of polymorph (7/24)
 s - a wand of disintegration (5/24)
Scrolls
 b - a scroll of amnesia
 h - 5 scrolls of remove curse
 m - 2 scrolls of blinking
Potions
 d - a potion of ambrosia
 j - a potion of lignification
 o - a potion of brilliance {unknown}
 q - a potion of curing {unknown}
Comestibles
 f - 5 bread rations
 n - 2 royal jellies


   Skills:
 + Level 7.2 Fighting
 + Level 7.8 Maces & Flails
 - Level 2.4 Armour
 - Level 2.4 Dodging
 - Level 2.4 Shields


You had 7 spell levels left.
You didn't know any spells.

Dungeon Overview and Level Annotations

Branches:
Dungeon (6/15)
 Temple: D:4-7

Altars:
Gozag
Hepliaklqana
Vehumet
Xom
Yredelemnul

Annotations:
D:5 HAL9000's ghost, amateur VSEn


Innate Abilities, Weirdness & Mutations

You cannot wear boots.
Your serpentine skin is tough. (AC +2)
You have supernaturally acute eyesight. (SInv)
Armour fits poorly on your strangely shaped body.
Your system is resistant to poisons. (rPois)
You cover ground very slowly.
You have a slow metabolism.
You can spit poison.


Message History

The red ugly thing is lightly wounded.
The red ugly thing barely misses you.
All of the chunks of flesh in your inventory have rotted away.
You hit the red ugly thing but do no damage.
The red ugly thing is lightly wounded.
You block the red ugly thing's attack.
You closely miss the red ugly thing.
The red ugly thing is lightly wounded.
You sock the red ugly thing!
The red ugly thing is moderately wounded.
The red ugly thing tentacle-slaps you.
You are engulfed in flames!!
You hit the red ugly thing.
The red ugly thing is moderately wounded.
The red ugly thing tentacle-slaps you!
You are engulfed in flames!
You thump the red ugly thing!
The red ugly thing is heavily wounded.
The red ugly thing tentacle-slaps you!
* * * LOW HITPOINT WARNING * * *
You are engulfed in flames!!
You die...

##.##......... #.# ##.##.###.##.#
#..# #.# # .#........# #..
######.# # .##...[.### #..
#....#.### .###...## ...
#.#....... ......## #.#
#.#..#.### #####.# #.# #.#..#....
#.# #.# #....##### ##+## #@#
#........# ##...## #u# ##...###.#
##.....## ##h## ##.####.#
##.......## ##...# ####.#.#
#.........####....##########....#
'.<.......'......................
#..>......####.....#########....#
##.......## #.....# ##.#.#
##.....## #.....# ########.#


You could see a red ugly thing and a jackal.

Vanquished Creatures
  Menkaure (D:5)
  A water moccasin (D:4)
  A phantom (D:4)
  An ice beast (D:6)
  3 ogres
  2 crimson imps (D:5)
  3 orc priests
  A hound (D:4)
  4 orc wizards (D:4)
  Crazy Yiuf (D:2)
  A centaur skeleton (D:6)
  Jessica (D:2)
  Terence (D:2)
  An iguana (D:3)
  5 worker ants
  Robin (D:2)
  A howler monkey skeleton (D:4)
  3 gnolls (D:2)
  6 adders
  2 oozes (D:2)
  An adder skeleton (D:6)
  9 worms
  2 dart slugs
  2 leopard geckos
  14 orcs
  7 giant cockroaches
  8 goblins
  9 hobgoblins
  13 jackals
  2 quokkas (D:2)
  A ball python (D:3)
  3 bats
  9 frilled lizards
  12 kobolds
  A leopard gecko skeleton (D:4)
  A quokka skeleton (D:6)
  8 rats
142 creatures vanquished.

Notes
Turn   | Place    | Note
-------+----------+-------------------------------------------
     0 | D:1      | Ijustatesigmund the Naga Fighter began the quest for the Orb.
     0 | D:1      | Reached XP level 1. HP: 21/21 MP: 1/1
   174 | D:1      | Reached XP level 2. HP: 28/28 MP: 2/2
   756 | D:1      | Reached XP level 3. HP: 19/34 MP: 3/3
  1320 | D:2      | Noticed Terence
  1330 | D:2      | Killed Terence
  1330 | D:2      | Reached XP level 4. HP: 42/44 MP: 4/4
  1373 | D:2      | Found a faded altar of an unknown god.
  1459 | D:2      | Noticed Jessica
  1462 | D:2      | Killed Jessica
  1840 | D:2      | Reached XP level 5. HP: 48/50 MP: 5/5
  1863 | D:2      | Found a runed door.
  1888 | D:2      | Noticed Crazy Yiuf
  1895 | D:2      | Killed Crazy Yiuf
  2349 | D:2      | Noticed Robin
  2362 | D:2      | Killed Robin
  2554 | D:2      | Found a shimmering altar of Xom.
  2728 | D:2      | Reached skill level 5 in Maces & Flails
  2923 | D:3      | Reached XP level 6. HP: 46/58 MP: 6/6
  3221 | D:3      | Found a radiant altar of Vehumet.
  3295 | D:3      | Found a hazy altar of Hepliaklqana.
  3869 | D:4      | Found an opulent altar of Gozag.
  3900 | D:4      | Noticed a phantom
  4038 | D:4      | Found a basalt altar of Yredelemnul.
  4193 | D:4      | Noticed a water moccasin
  4200 | D:4      | Killed a water moccasin
  4200 | D:4      | Reached skill level 5 in Fighting
  4200 | D:4      | Reached skill level 1 in Dodging
  4200 | D:4      | Reached XP level 7. HP: 53/67 MP: 7/7
  5137 | D:5      | Entered Level 5 of the Dungeon
  5161 | D:5      | Reached XP level 8. HP: 64/76 MP: 8/8
  5465 | D:5      | Noticed Menkaure
  5475 | D:5      | Killed Menkaure
  5639 | D:5      | Noticed HAL9000's ghost (amateur VSEn)
  6405 | D:6      | Noticed a red ugly thing
  6422 | D:6      | Slain by a red ugly thing

Vault maps used:
D:1:      minmay_arrival_doors
D:2:      nicolae_overflow_crystal_walls, first_bread,
          chequers_ecumenical_altar_simple, uniq_robin, uniq_jessica,
          uniq_crazy_yiuf_cottage, uniq_terence
D:3:      marbit_many_paths, fiery_altar_vehumet
D:4:      lemuel_round_altar, grunt_gozag_statues
D:5:      minmay_temple_entry_butterflies, uniq_menkaure
D:6:      lemuel_coloured_pillars_altar

Skill      XL: |  1  2  3  4  5  6  7  8 |
---------------+-------------------------+-----
Maces & Flails | 3 4 5 6 7 |  7.8
Fighting       | 4 5 7 |  7.2
Dodging        | 1 2 |  2.4
Armour         | |  2.4
Shields        | |  2.4

Action                   |  1- 3 |  4- 6 |  7- 9 || total
-------------------------+-------+-------+-------++-------
Melee: Flail             |   132 |   321 |   203 ||   656
 Abil: Spit Poison       |       |     2 |    11 ||    13
  Use: Scroll            |     4 |     9 |     4 ||    17
       Potion            |     1 |       |     3 ||     4
 Stab: Sleeping          |       |     2 |       ||     2
  Eat: Chunk             |     1 |     7 |     2 ||    10
       Fruit             |       |       |     4 ||     4
       Royal jelly       |       |       |     1 ||     1
Armor: Scale mail        |    74 |    14 |       ||    88
       Robe              |       |    73 |    46 ||   119
Dodge: Dodged            |    32 |   124 |    78 ||   234
Block: Shield            |    71 |   189 |    84 ||   344
